Map: Вечная империя РВ

Players

Doll - Winner!

  • Race: Protoss Protoss
  • Spawn Location: 1:00

ИИ 1 (знаток)

  • Race: Zerg Zerg
  • Spawn Location: 7:00

VOD

Have the link to the VOD?

Description

Time

  • Played on: May 13, 2020, 2:05 p.m.
  • Length: 10:58
Show
View Real Time Build Order
Export as new Build Order

Doll Protoss - Winner!

Build Orders:  

Get SALT Encoding   

  12  0:01  Probe  
  13  0:14  Probe  
  14  0:22  Pylon  
  14  0:26  Probe  
  15  0:40  Probe (Chrono Boost)  
  16  0:44  Gateway  
  16  0:51  Assimilator  
  16  0:52  Probe (Chrono Boost)  
  16  0:57  Probe (Chrono Boost)  
  18  1:08  Probe  
  19  1:20  Probe  
  20  1:32  Zealot, Cybernetics Core  
  22  1:33  Probe  
  23  1:40  Assimilator  
  23  1:57  Pylon  
  23  2:00  Nexus  
  23  2:10  Warp Gate  
  23  2:15  Probe  
  24  2:17  Gateway  
  24  2:24  Stalker  
  24  2:27  Probe  
  27  2:41  Probe, Robotics Facility  
  28  2:54  Stalker, Probe  
  31  3:08  Twilight Council  
  31  3:12  Pylon  
  31  3:15  Probe  
  31  3:19  Probe  
  33  3:22  Zealot  
  35  3:39  Immortal  
  39  3:43  Probe  
  39  3:46  Charge  
  40  3:50  Sentry  
  40  3:52  Probe  
  43  3:56  Probe  
  43  4:01  Stalker  
  46  4:05  Probe  
  47  4:16  Probe  
  48  4:18  Gateway  
  48  4:25  Pylon  
  48  4:26  Adept x2  
  48  4:29  Probe  
  48  4:30  Probe  
  54  4:43  Immortal  
  54  4:45  Probe  
  59  4:46  Probe  
  60  4:54  Forge  
  60  4:58  Zealot  
  62  5:04  Pylon  
  48  5:15  Forge  
  48  5:16  Forge  
  48  5:21  Robotics Bay  
  48  5:22  Probe  
  48  5:23  Probe  
  48  5:27  Adept x2  
  54  5:30  Sentry  
  56  5:36  Pylon, Protoss Ground Weapons Level 1  
  56  5:40  Probe  
  56  5:41  Probe  
  58  5:45  Assimilator  
  58  5:47  Assimilator  
  58  5:49  Protoss Ground Armor Level 1  
  58  5:54  Probe  
  58  5:55  Zealot  
  61  5:57  Zealot  
  61  5:59  Probe  
  61  6:03  Zealot  
  66  6:08  Probe  
  67  6:11  Probe  
  68  6:18  Colossus  
  68  6:21  Probe  
  68  6:24  Pylon  
  75  6:32  Extended Thermal Lance  
  75  6:48  Protoss Shields Level 1  
  75  6:50  Zealot  
  75  6:51  Nexus  
  75  6:52  Probe  
  75  6:53  Probe  
  79  6:58  Stalker  
  79  7:00  Adept  
  83  7:05  Probe  
  83  7:06  Probe  
  85  7:12  Pylon  
  85  7:15  Observer  
  86  7:23  Gateway  
  86  7:26  Gateway  
  86  7:32  Probe  
  86  7:33  Probe  
  86  7:36  Colossus  
  94  7:40  Pylon  
  94  7:42  Pylon  
  94  7:46  Protoss Ground Weapons Level 2  
  94  7:59  Protoss Ground Armor Level 2  
  94  8:01  Probe x2, Robotics Facility  
  94  8:04  Stalker  
  94  8:05  Stalker  
  100  8:08  Zealot  
  100  8:09  Probe  
  103  8:14  Probe x2  
  103  8:18  Pylon, Adept  
  107  8:23  Probe  
  107  8:27  Pylon, Zealot  
  110  8:32  Templar Archives, Zealot  
  110  8:33  Zealot  
  114  8:35  Sentry  
  114  8:37  Probe  
  114  8:38  Probe  
Show
View Real Time Build Order
Export as new Build Order

ИИ 1 (знаток) Zerg 

Build Orders: 1 Base Baneling Bust, Pool First, Lurkers, Zergling Baneling 

Get SALT Encoding   

  12  0:00  Drone  
  13  0:12  Overlord  
  13  0:16  Drone  
  14  0:30  Drone x2  
  16  0:42  Spawning Pool  
  15  0:44  Drone  
  15  0:49  Drone  
  17  0:53  Extractor  
  17  0:55  Drone  
  17  1:05  Overlord  
  17  1:30  Queen  
  17  1:31  Zergling x4  
  21  1:38  Roach Warren, Drone  
  21  1:40  Extractor  
  20  1:49  Drone  
  20  1:52  Baneling Nest  
  20  1:59  Drone  
  21  2:10  Drone  
  22  2:21  Zergling x2  
  23  2:31  Drone  
  23  2:36  Zergling x4, Overlord  
  26  2:37  Baneling  
  26  2:38  Baneling x2  
  26  2:39  Baneling  
  26  2:43  Zergling x2  
  27  2:54  Drone  
  27  2:58  Metabolic Boost  
  28  3:05  Zergling x2  
  29  3:08  Zergling x4  
  29  3:11  Zergling x2  
  32  3:18  Overlord  
  32  3:27  Zergling x2, Baneling x2  
  33  3:35  Baneling  
  33  3:38  Zergling x2, Baneling  
  33  3:40  Zergling x2, Drone  
  36  3:45  Drone  
  37  3:50  Drone  
  38  3:59  Evolution Chamber  
  38  4:00  Drone  
  38  4:12  Drone x2, Overlord  
  40  4:23  Drone  
  41  4:33  Roach  
  43  4:42  Lair  
  43  4:43  Roach  
  45  4:50  Overlord  
  38  5:11  Zerg Melee Weapons Level 1  
  32  5:33  Zergling x2  
  33  5:43  Hydralisk Den  
  32  6:00  Burrow  
  34  6:04  Roach  
  34  6:11  Hydralisk  
  34  6:13  Lurker Den  
  34  6:15  Spore Crawler  
  34  6:16  Drone  
  35  6:20  Roach  
  35  6:21  Spore Crawler  
  35  6:22  Drone  
  37  6:27  Hydralisk, Hatchery  
  37  6:29  Drone  
  39  6:35  Hydralisk  
  41  6:43  Hydralisk  
  43  6:51  Hydralisk  
  45  6:54  Spine Crawler  
  45  6:55  Drone  
  45  7:04  Spine Crawler  
  45  7:05  Zerg Missile Weapons Level 1, Drone  
  45  7:13  Lurker  
  45  7:14  Lurker  
  47  7:22  Hydralisk  
  47  7:26  Queen  
  51  7:31  Hydralisk  
  53  7:39  Overseer x2  
  53  7:40  Drone x2  
  53  7:42  Spore Crawler  
  53  7:43  Drone  
  55  7:48  Drone  
  56  7:53  Drone  
  56  7:56  Drone  
  58  8:00  Drone  
  58  8:05  Evolution Chamber  
  58  8:07  Drone  
  58  8:12  Pneumatized Carapace  
  59  8:18  Overlord  
  59  8:26  Hydralisk  
  61  8:36  Drone  
  61  8:37  Drone  
  61  8:40  Overseer, Drone  
  64  8:43  Drone  
  64  8:44  Zergling x2  
  55  8:51  Hatchery, Roach  
  42  9:00  Roach  
  44  9:05  Lurker  
  44  9:07  Hydralisk  
  47  9:16  Zergling x2, Drone  
  47  9:21  Hydralisk  
  43  9:26  Ravager  
  43  9:27  Ravager, Roach, Drone x2  
  43  9:29  Drone x3  
  40  9:37  Overlord  
  40  9:38  Lurker  
  25  10:00  Drone  
  18  10:09  Drone  
  18  10:10  Drone  
  11  10:21  Drone  
  6  10:35  Drone  
  6  10:36  Drone  
  4  10:43  Drone  
  4  10:44  Drone  
  4  10:45  Drone  
Tags
 
Add a new tag
Caveats
  • Supply blocks, unpowered buildings, or Contaminate may cause inaccurate times.
  • Supply counts are checked every 10 seconds.